[Event "December 5 Early 2023"]
[Site "https://www.chess.com"]
[Date "2023.12.05"]
[Round "7"]
[White "Hon, Eric"]
[Black "Miszler, Levente"]
[Result "1-0"]
[Board "157"]
[TimeControl "180+1"]
[WhiteFideId "2097117"]
[BlackFideId "763276"]
[WhiteElo "2264"]
[BlackElo "2428"]
[WhiteTeam "USA"]
[BlackTeam "HUN"]
[WhiteClock "0:00:18"]
[BlackClock "0:00:30"]

1. e4 c5 2. Nf3 d6 3. d4 cxd4 4. Nxd4 Nf6 5. Bd3 g6 6. O-O Bg7 7. h3 O-O 8. c4 Nc6 9. Be3 Ng4 10. hxg4 Nxd4 11. Nc3 Be6 12. Rc1 Rc8 13. b3 Nc6 14. Be2 a6 15. Qd2 Ne5 16. f4 Nxg4 17. f5 Nxe3 18. Qxe3 Bd7 19. Nd5 Bc6 20. fxg6 hxg6 21. Bg4 Bd7 22. Bxd7 Qxd7 23. Nb6 Qe6 24. Nxc8 Rxc8 25. Rcd1 b5 26. cxb5 axb5 27. Rc1 Ra8 28. Rc2 Qe5 29. Qf2 Qe6 30. Rfc1 Qxe4 31. Rc8+ Rxc8 32. Rxc8+ Kh7 33. Qxf7 Qe1+ 34. Kh2 Qh4+ 35. Kg1 Qe1+ 36. Kh2 Kh6 37. Qf4+ Kh7 38. Kh3 Qh1+ 39. Qh2 Qd1 40. Qf4 Qd3+ 41. Qg3 Qf5+ 42. Qg4 Qf1 43. Qh4+ Bh6 44. Qxe7+ Bg7 45. Qh4+ Bh6 46. Rh8+ Kxh8 47. Qxh6+ Kg8 48. Qxg6+ Kh8 49. Qh5+ Kg8 50. Qg4+ Kh8 51. Qh4+ Kg8 52. Qg3+ Kh8 53. Qxd6 Qf5+ 54. g4 Qf1+ 55. Kh4 Qf2+ 56. Kh5 Qf7+ 57. Qg6 Qd5+ 58. Qg5 Qf7+ 59. Qg6 Qd5+ 60. g5 Qh1+ 61. Kg4 Qg2+ 62. Kf5 Qd5+ 63. Kf6 Qd6+ 64. Kf7 Qd7+ 65. Kf8 Qd8+ 66. Qe8 Qxg5 67. Kf7+ Kh7 68. Qe4+ Kh6 69. Qh1+ Qh5+ 70. Qxh5+ Kxh5 71. Ke6 b4 72. Kd5 Kg5 73. Kc4 Kf5 74. Kxb4 Ke6 75. Ka5 Kd7 76. Ka6 Kc7 77. b4 Kb8 78. b5 Ka8 79. a4 Kb8 80. a5 Ka8 81. b6 Kb8 82. b7 Kc7 83. Ka7 1-0

[Event "December 5 Early 2023"]
[Site "https://www.chess.com"]
[Date "2023.12.05"]
[Round "7"]
[White "Can, Melih Kaan"]
[Black "Dyulgerov, Volen"]
[Result "1-0"]
[Board "158"]
[TimeControl "180+1"]
[WhiteFideId "6317383"]
[BlackFideId "2918978"]
[WhiteElo "2424"]
[BlackElo "2249"]
[WhiteTeam "TUR"]
[BlackTeam "BUL"]
[WhiteClock "0:00:12"]
[BlackClock "0:00:00"]

1. e4 c5 2. Nc3 d6 3. g3 h5 4. d3 h4 5. Bg2 h3 6. Bf1 Nc6 7. f4 Nd4 8. Be3 Nf6 9. Rb1 Bg4 10. Be2 Nxe2 11. Ncxe2 Qa5+ 12. Qd2 Qxa2 13. Nc3 Qa5 14. Nge2 Bf3 15. O-O Bg2 16. Rf2 Ng4 17. Nd5 Qxd2 18. Bxd2 Kd7 19. Rxg2 hxg2 20. h4 e6 21. Ndc3 Be7 22. Kxg2 f6 23. b4 b6 24. bxc5 bxc5 25. Rb7+ Ke8 26. Nb5 a5 27. Nc7+ Kd8 28. Nxa8 Ke8 29. Rb8+ Bd8 30. Bxa5 Kd7 31. Bxd8 Ne3+ 32. Kf3 Nxc2 33. Bc7 Rh5 34. Rd8+ Kc6 35. Rxd6+ Kb7 36. Kg4 g6 37. Rxe6 Kxa8 38. Rxf6 Ne3+ 39. Kf3 Nf1 40. Rxg6 Kb7 41. Be5 Nd2+ 42. Ke3 Nf1+ 43. Kf2 Nh2 44. Rg7+ Kc6 45. Rg5 Rh7 46. Kg2 c4 47. Kxh2 cxd3 48. Nc3 Ra7 49. Rg6+ Kc5 50. Rd6 Kc4 51. Rd4+ Kb3 52. Rxd3 Kc2 53. Rf3 Kd2 54. Kh3 Ke1 55. Nd5 Ke2 56. Kg4 Ra8 57. Rb3 Kf1 58. Rb1+ Kg2 59. Nf6 Kh2 60. h5 Ra3 61. Kf5 Kxg3 62. Ng4 Kh4 63. h6 1-0

[Event "December 5 Early 2023"]
[Site "https://www.chess.com"]
[Date "2023.12.05"]
[Round "7"]
[White "Verbin, Valentina"]
[Black "Kovalyov, Eduard"]
[Result "0-1"]
[Board "159"]
[TimeControl "180+1"]
[WhiteFideId "13905910"]
[BlackFideId "14118033"]
[WhiteElo "2226"]
[BlackElo "2421"]
[WhiteTeam "MDA"]
[BlackTeam "UKR"]
[WhiteClock "0:00:00"]
[BlackClock "0:00:05"]

1. e4 e5 2. Nf3 Nc6 3. Bb5 a6 4. Ba4 Nf6 5. O-O Be7 6. Re1 b5 7. Bb3 O-O 8. c3 d5 9. exd5 Nxd5 10. Nxe5 Nxe5 11. Rxe5 c6 12. d3 Bd6 13. Re1 Qh4 14. g3 Qh3 15. Qf3 Bg4 16. Qg2 Rae8 17. Rxe8 Rxe8 18. Qxh3 Bxh3 19. Bd2 Bc5 20. d4 Bd6 21. a4 b4 22. Bxd5 cxd5 23. cxb4 Rb8 24. b5 axb5 25. axb5 h5 26. Nc3 h4 27. Bf4 Bxf4 28. gxf4 g6 29. Ra5 Be6 30. f3 Kg7 31. Kf2 Kf6 32. Ra6 Kf5 33. b6 Kxf4 34. Nb5 Bc8 35. Ra5 Rxb6 36. Nc3 Rxb2+ 37. Kg1 Kxf3 0-1

[Event "December 5 Early 2023"]
[Site "https://www.chess.com"]
[Date "2023.12.05"]
[Round "7"]
[White "Player, Edmund C"]
[Black "Begunov, Konstantin"]
[Result "0-1"]
[Board "160"]
[TimeControl "180+1"]
[WhiteFideId "406520"]
[BlackFideId "4118510"]
[WhiteElo "2233"]
[BlackElo "2420"]
[WhiteTeam "ENG"]
[BlackTeam "RUS"]
[WhiteClock "0:00:00"]
[BlackClock "0:00:14"]

1. Nc3 d5 2. d4 Bf5 3. Nf3 e6 4. Bg5 Be7 5. Bxe7 Qxe7 6. g3 Nf6 7. Bg2 O-O 8. O-O c5 9. dxc5 Qxc5 10. Nd4 Bg6 11. Nb3 Qb6 12. e3 Nc6 13. Ne2 Ne5 14. Nf4 Be4 15. Qd4 Qxd4 16. Nxd4 Nc4 17. b3 Na3 18. Bxe4 Nxe4 19. f3 Nc3 20. Nd3 Rfc8 21. Rf2 Kf8 22. Kf1 Ke7 23. Ke1 g6 24. Kd2 e5 25. Nxe5 Rc7 26. Ndc6+ bxc6 27. Kxc3 Kd6 28. Ng4 f5 29. Nh6 Ke5 30. g4 f4 31. Re1 Nb5+ 32. Kd2 Nd6 33. h4 Rf8 34. h5 gxh5 35. gxh5 Rf6 36. Ng4+ Kf5 37. Nxf6 Kxf6 38. exf4 Nf5 39. Rfe2 Nd4 40. Re3 Rg7 41. c3 Nf5 42. R3e2 Rg3 43. Re6+ Kf7 44. Rxc6 Rxf3 45. Ra6 Rf2+ 46. Re2 Rxf4 47. Rxa7+ Kf6 48. Rxh7 Rh4 49. Rh8 Ng3 50. Rf8+ Kg7 51. Rf3 Ne4+ 52. Kd3 Nc5+ 53. Kc2 Ne4 54. Rg2+ Kh6 55. Rf5 Rh3 56. Rxd5 Nxc3 57. Rd6+ Kxh5 58. Rc6 Nxa2 59. Rd2 Nb4+ 60. Kb2 Nxc6 61. Rd5+ Kg4 62. Rd6 Ne5 63. b4 Kf5 64. Rd8 Nc6 65. Rf8+ Ke6 66. b5 Nd4 67. b6 Rb3+ 68. Ka2 Rxb6 69. Re8+ Kd5 70. Rd8+ Kc4 71. Rc8+ Kd3 72. Rd8 Rb5 73. Rc8 Rb4 74. Ka3 Rb3+ 75. Ka4 Rb1 76. Rc7 Ke4 77. Ka5 Kd5 78. Rd7+ Kc5 79. Rc7+ Nc6+ 80. Ka4 Rb4+ 81. Ka3 Rb8 82. Rd7 Rb6 0-1

[Event "December 5 Early 2023"]
[Site "https://www.chess.com"]
[Date "2023.12.05"]
[Round "7"]
[White "Balla, Tamas-Kristof"]
[Black "Chemin, Justo Reinaldo"]
[Result "1-0"]
[Board "161"]
[TimeControl "180+1"]
[WhiteFideId "1208497"]
[BlackFideId "2101580"]
[WhiteElo "2413"]
[BlackElo "2223"]
[WhiteTeam "ROU"]
[BlackTeam "BRA"]
[WhiteClock "0:01:10"]
[BlackClock "0:00:00"]

1. e4 d5 2. exd5 Qxd5 3. Nc3 Qa5 4. Bc4 Nf6 5. d4 e6 6. Bd2 Qh5 7. Nf3 Bd6 8. h3 Nc6 9. O-O a6 10. Re1 O-O 11. Bg5 h6 12. Bxf6 gxf6 13. Ne4 f5 14. Nxd6 cxd6 15. d5 Na5 16. Be2 Qg6 17. b4 e5 18. bxa5 e4 19. Nd4 f4 20. Bg4 f5 21. Bh5 Qg5 22. Ne6 Bxe6 23. dxe6 f3 24. Bf7+ Kh7 25. g3 f4 26. Rxe4 fxg3 27. Qxf3 gxf2+ 28. Kh1 Qg7 29. Rg4 Qxa1+ 30. Kh2 f1=N+ 31. Kg2 Ne3+ 32. Qxe3 Qf6 33. Qe4+ Kh8 34. Rg6 1-0

[Event "December 5 Early 2023"]
[Site "https://www.chess.com"]
[Date "2023.12.05"]
[Round "7"]
[White "Rosh Jain"]
[Black "Palmer, Reegan"]
[Result "0-1"]
[Board "162"]
[TimeControl "180+1"]
[WhiteFideId "25789465"]
[BlackFideId "14322145"]
[WhiteElo "2409"]
[BlackElo "2222"]
[WhiteTeam "IND"]
[BlackTeam "RSA"]
[WhiteClock "0:01:35"]
[BlackClock "0:02:05"]

1. e4 c5 2. Nf3 d6 3. d4 cxd4 4. Nxd4 Nf6 5. Nc3 a6 6. Bc4 e6 7. Bb3 Nbd7 8. O-O Nc5 9. Bg5 Be7 10. Re1 O-O 11. f4 b5 12. Nc6 Qc7 13. Nxe7+ Qxe7 14. e5 Qa7 15. exf6 Ne4+ 16. Kh1 Nf2+ 17. Kg1 Nh3+ 18. Kh1 Qg1+ 0-1

[Event "December 5 Early 2023"]
[Site "https://www.chess.com"]
[Date "2023.12.05"]
[Round "7"]
[White "Osmonbekov, Talaibek"]
[Black "Bochnicka, Vladimir"]
[Result "0-1"]
[Board "163"]
[TimeControl "180+1"]
[WhiteFideId "2017253"]
[BlackFideId "14943450"]
[WhiteElo "2205"]
[BlackElo "2408"]
[WhiteTeam "USA"]
[BlackTeam "SVK"]
[WhiteClock "0:00:00"]
[BlackClock "0:00:08"]

1. d4 Nf6 2. Nc3 d5 3. Bf4 e6 4. e3 a6 5. Nf3 c5 6. dxc5 Bxc5 7. Bd3 O-O 8. O-O Nc6 9. e4 d4 10. Ne2 Nh5 11. Bd2 e5 12. a3 h6 13. Ng3 Nxg3 14. fxg3 Be6 15. Nh4 Be7 16. Nf5 Bg5 17. Bxg5 Qxg5 18. h4 Qd8 19. Qh5 Bxf5 20. exf5 f6 21. Be4 Qe8 22. Qf3 Rc8 23. g4 Qe7 24. Rad1 Kh8 25. g3 Na5 26. b3 Nc6 27. Kg2 Nd8 28. Rh1 Nf7 29. Rd2 Rc3 30. Qf2 Nd6 31. Bd5 Rc5 32. Be6 Ne4 33. Qe2 Nxd2 34. Qxd2 Qc7 35. c4 dxc3 36. Qc2 Rd8 37. Kh3 Rd2 38. Qe4 c2 39. g5 Rd4 40. Qe3 Rc3 41. Qc1 e4 0-1

[Event "December 5 Early 2023"]
[Site "https://www.chess.com"]
[Date "2023.12.05"]
[Round "7"]
[White "Skaric, Djuro"]
[Black "Vanek, Tomas"]
[Result "1-0"]
[Board "164"]
[TimeControl "180+1"]
[WhiteFideId "934569"]
[BlackFideId "313459"]
[WhiteElo "2400"]
[BlackElo "2148"]
[WhiteTeam "SRB"]
[BlackTeam "CZE"]
[WhiteClock "0:02:14"]
[BlackClock "0:01:04"]

1. g3 f5 2. Bg2 Nf6 3. d3 c6 4. Nf3 d6 5. O-O e5 6. Nc3 g6 7. e4 Na6 8. exf5 Bxf5 9. Nh4 Qd7 10. f4 Bg4 11. Qe1 O-O-O 12. fxe5 Nh5 13. a3 dxe5 14. Qxe5 Bd6 15. Qa5 Bc5+ 16. Kh1 Rhf8 17. Bg5 Rde8 18. Ne4 Bb6 19. Qa4 Qc7 20. Nd6+ Qxd6 21. Qxg4+ Kb8 22. Bf4 Re5 23. Bxe5 Rxf1+ 24. Rxf1 Qxe5 25. Be4 Nc5 26. Rf8+ Kc7 27. Rf7+ Kd6 28. b4 Nxe4 29. Rd7# 1-0

[Event "December 5 Early 2023"]
[Site "https://www.chess.com"]
[Date "2023.12.05"]
[Round "7"]
[White "Dimitrijevic, Darko"]
[Black "Barath1308"]
[Result "1-0"]
[Board "165"]
[TimeControl "180+1"]
[WhiteFideId "14500892"]
[WhiteElo "2197"]
[BlackElo "2385"]
[WhiteTeam "CRO"]
[WhiteClock "0:00:33"]
[BlackClock "0:00:00"]

1. g3 Nf6 2. Bg2 g6 3. b3 Bg7 4. Bb2 O-O 5. d3 c5 6. Nd2 Nc6 7. e4 e5 8. Nc4 d6 9. Ne2 Be6 10. O-O Rc8 11. f4 Bg4 12. fxe5 Ne8 13. h3 Bxe2 14. Qxe2 Nxe5 15. Ne3 Nf3+ 16. Rxf3 Bxb2 17. Raf1 Nc7 18. Ng4 Ne6 19. Nf6+ Kg7 20. Qd2 Bxf6 21. Rxf6 Qxf6 22. Rxf6 Kxf6 23. Qh6 Ke7 24. Qh4+ Kd7 25. Qxh7 b6 26. c3 Ke7 27. Qh4+ g5 28. Qg4 Rg8 29. Qf5 f6 30. Bf3 Ng7 31. Qd5 Rb8 32. Bg4 Rgd8 33. Kf2 Kf8 34. Qc6 Ne8 35. Ke3 Ke7 36. h4 gxh4 37. gxh4 b5 38. a3 Rb6 39. Qd5 Ng7 40. Kf3 Rh8 41. Kg3 Rh7 42. Qa8 1-0

[Event "December 5 Early 2023"]
[Site "https://www.chess.com"]
[Date "2023.12.05"]
[Round "7"]
[White "Michalski, Olaf"]
[Black "Marcziter, Dmitrii"]
[Result "0-1"]
[Board "166"]
[TimeControl "180+1"]
[WhiteFideId "1106740"]
[BlackFideId "13900765"]
[WhiteElo "2194"]
[BlackElo "2381"]
[WhiteTeam "POL"]
[BlackTeam "GER"]
[WhiteClock "0:00:00"]
[BlackClock "0:00:17"]

1. d4 Nf6 2. c4 g6 3. Nc3 Bg7 4. e4 d6 5. Nf3 O-O 6. Be2 Na6 7. O-O c5 8. d5 e6 9. h3 Re8 10. Bg5 h6 11. Be3 exd5 12. exd5 Ne4 13. Nxe4 Rxe4 14. Qd2 Kh7 15. Bd3 Re8 16. Rae1 Nc7 17. Bc2 f5 18. b3 Qf6 19. h4 Bd7 20. Bf4 b5 21. g3 Rab8 22. Rxe8 Bxe8 23. Re1 Bd7 24. Kg2 bxc4 25. bxc4 Rb2 26. Qa5 Ne8 27. Ba4 Bxa4 28. Qxa4 Nc7 29. Qd7 Na6 30. Re6 Qc3 31. Qxd6 Qc2 32. Be3 Qd3 33. Re7 Qc3 34. Qd7 Nb4 35. h5 Qf6 0-1

[Event "December 5 Early 2023"]
[Site "https://www.chess.com"]
[Date "2023.12.05"]
[Round "7"]
[White "Fernandez Siles, Luis"]
[Black "Phillips, Rene"]
[Result "1-0"]
[Board "167"]
[TimeControl "180+1"]
[WhiteFideId "2209420"]
[BlackFideId "2056275"]
[WhiteElo "2293"]
[BlackElo "1910"]
[WhiteTeam "ESP"]
[BlackTeam "USA"]
[WhiteClock "0:00:23"]
[BlackClock "0:00:00"]

1. e4 Nc6 2. Nf3 d5 3. exd5 Qxd5 4. Nc3 Qa5 5. Bb5 Bg4 6. h3 Bd7 7. O-O a6 8. Bc4 Nf6 9. d3 Qh5 10. Re1 O-O-O 11. Ng5 Qxd1 12. Nxd1 Nd4 13. Ne3 Be8 14. Bxf7 h6 15. Bxe8 Rxe8 16. Nf7 Rg8 17. c3 Nc6 18. d4 e6 19. Nc4 Nd5 20. Nfe5 Nd8 21. g3 Bd6 22. Ne3 Rgf8 23. Nxd5 exd5 24. f4 Nf7 25. Bd2 Nd8 26. Nd3 Ne6 27. Kg2 g5 28. fxg5 Nxg5 29. Bxg5 hxg5 30. Rxe8+ Rxe8 31. Kf3 Rf8+ 32. Kg4 Be7 33. Re1 Kd8 34. Re5 c6 35. Rf5 1-0

[Event "December 5 Early 2023"]
[Site "https://www.chess.com"]
[Date "2023.12.05"]
[Round "7"]
[White "Kaplan, Avi Harrison"]
[Black "Tilahun , Abel Mathewos"]
[Result "1-0"]
[Board "168"]
[TimeControl "180+1"]
[WhiteFideId "30934559"]
[BlackFideId "15702391"]
[WhiteElo "2455"]
[BlackElo "2015"]
[WhiteTeam "USA"]
[BlackTeam "ETH"]
[WhiteClock "0:00:06"]
[BlackClock "0:00:00"]

1. e4 e6 2. d4 d5 3. Nd2 Nc6 4. c3 e5 5. dxe5 dxe4 6. Qe2 Nxe5 7. Nxe4 Be7 8. g3 Nf6 9. Bf4 Qd5 10. Qb5+ Qxb5 11. Bxb5+ Bd7 12. Bxd7+ Nfxd7 13. Ke2 O-O 14. Nf3 Nxf3 15. Kxf3 c6 16. Rad1 Nc5 17. Rhe1 Rad8 18. b3 Nxe4 19. Kxe4 Bf6 20. c4 Rfe8+ 21. Kf3 h6 22. Bc7 Rxe1 23. Rxe1 Rd7 24. Re8+ Kh7 25. Bb8 a6 26. Bf4 g5 27. Be3 Kg6 28. Ke2 h5 29. Rg8+ Kh7 30. Re8 g4 31. Re4 Kg6 32. Re8 Kh7 33. Rb8 Kg6 34. Kf1 Kh7 35. Kg2 Kg6 36. h3 gxh3+ 37. Kxh3 h4 38. gxh4 Kh5 39. Re8 Bxh4 40. Re5+ Bg5 41. Rxg5+ Kh6 42. Rd5+ Kg6 43. Rxd7 1-0

[Event "December 5 Early 2023"]
[Site "https://www.chess.com"]
[Date "2023.12.05"]
[Round "7"]
[White "Berezin, Viktor"]
[Black "Minina, Veronika"]
[Result "1-0"]
[Board "169"]
[TimeControl "180+1"]
[WhiteFideId "14107872"]
[BlackFideId "4174780"]
[WhiteElo "2422"]
[BlackElo "2255"]
[WhiteTeam "UKR"]
[BlackTeam "RUS"]
[WhiteClock "0:00:47"]
[BlackClock "0:00:00"]

1. Nf3 Nf6 2. c4 g6 3. g3 Bg7 4. Bg2 O-O 5. O-O d6 6. Nc3 c5 7. d3 Nc6 8. a3 Rb8 9. Rb1 a6 10. b4 cxb4 11. axb4 b5 12. cxb5 axb5 13. Ne1 Bd7 14. Nc2 Ng4 15. Bd2 Qb6 16. h3 Nf6 17. Be3 Qd8 18. Nd4 Nxd4 19. Bxd4 Be6 20. Ne4 Nxe4 21. Bxg7 Nxf2 22. Rxf2 Kxg7 23. Qd2 Qd7 24. Kh2 Rfc8 25. Qe3 Rc2 26. Qd4+ Kg8 27. h4 Rbc8 28. h5 Bg4 29. h6 e5 30. Qe4 f5 31. Qe3 1-0

[Event "December 5 Early 2023"]
[Site "https://www.chess.com"]
[Date "2023.12.05"]
[Round "7"]
[White "Vifleemskaia, Svetlana"]
[Black "Parra Gomez, Adrian"]
[Result "1-0"]
[Board "170"]
[TimeControl "180+1"]
[WhiteFideId "4129490"]
[BlackFideId "3513106"]
[WhiteElo "2261"]
[BlackElo "2412"]
[WhiteTeam "RUS"]
[BlackTeam "CUB"]
[WhiteClock "0:00:33"]
[BlackClock "0:00:00"]

1. d4 d5 2. c4 e6 3. Nc3 Nf6 4. cxd5 Nxd5 5. e4 Nxc3 6. bxc3 c5 7. Rb1 Be7 8. Nf3 O-O 9. Bd3 cxd4 10. cxd4 Nc6 11. e5 b6 12. Be4 Bb7 13. O-O Rc8 14. Qe2 Qd7 15. Rd1 Nb4 16. Bg5 Bxe4 17. Qxe4 Nxa2 18. Bd2 Nc3 19. Bxc3 Rxc3 20. d5 exd5 21. Rxd5 Qc6 22. h3 h6 23. Rbd1 a5 24. Nd4 Qa8 25. Nf5 Re8 26. Qg4 Bf8 27. Nxh6+ Kh7 28. Nxf7 Rc6 29. Ng5+ Kg8 30. Rd7 Rh6 31. Nf7 Ree6 32. Nxh6+ Rxh6 33. Qc4+ Kh7 34. Rd8 Qb7 35. Rxf8 Rg6 36. Qg8+ Kh6 37. Qh8+ Kg5 38. g4 1-0

[Event "December 5 Early 2023"]
[Site "https://www.chess.com"]
[Date "2023.12.05"]
[Round "7"]
[White "Petrukhina, Olga"]
[Black "Korol, Dimitry"]
[Result "1-0"]
[Board "171"]
[TimeControl "180+1"]
[WhiteFideId "13703935"]
[BlackFideId "14108003"]
[WhiteElo "2210"]
[BlackElo "2303"]
[WhiteTeam "KAZ"]
[BlackTeam "UKR"]
[WhiteClock "0:00:45"]
[BlackClock "0:00:00"]

1. d4 Nf6 2. c4 c5 3. d5 b5 4. cxb5 a6 5. f3 axb5 6. e4 Qa5+ 7. b4 cxb4 8. Nd2 e6 9. Nb3 Qb6 10. Ne2 e5 11. Qd3 Be7 12. Be3 Qa6 13. Ng3 d6 14. Qxb5+ Qxb5 15. Bxb5+ Bd7 16. Bxd7+ Nbxd7 17. Ke2 g6 18. Rhc1 O-O 19. Rc7 Ra4 20. Bg5 Re8 21. Rb7 Nf8 22. Rxe7 Rxe7 23. Bxf6 Rea7 24. Kd3 Rxa2 25. Rc1 R7a3 26. Kc4 Rxg2 27. Kxb4 Raa2 28. Rc8 1-0

[Event "December 5 Early 2023"]
[Site "https://www.chess.com"]
[Date "2023.12.05"]
[Round "7"]
[White "Besso, Guadalupe"]
[Black "Chirivi C, Jenny Astrid"]
[Result "1-0"]
[Board "172"]
[TimeControl "180+1"]
[WhiteFideId "123161"]
[BlackFideId "4403061"]
[WhiteElo "2081"]
[BlackElo "2293"]
[WhiteTeam "ARG"]
[BlackTeam "COL"]
[WhiteClock "0:00:11"]
[BlackClock "0:00:05"]

1. d4 Nf6 2. c4 e6 3. Nf3 Bb4+ 4. Bd2 Qe7 5. g3 Nc6 6. Bg2 Bxd2+ 7. Nbxd2 d6 8. O-O O-O 9. e4 a5 10. d5 Nb8 11. h3 e5 12. Re1 Nbd7 13. Qc2 Nc5 14. Nh4 g6 15. b3 Nh5 16. a3 f5 17. b4 axb4 18. axb4 Rxa1 19. Rxa1 Na6 20. Bf3 Nxb4 21. Qb1 Na6 22. Bxh5 gxh5 23. exf5 Nc5 24. Ne4 Nxe4 25. Qxe4 Qg5 26. Ra8 Bd7 27. Rxf8+ Kxf8 28. c5 Qc1+ 29. Kg2 Qxc5 30. f6 Be8 31. f3 Kg8 32. Nf5 Bg6 33. Qa4 c6 34. Qa8+ Kf7 35. Nh6+ Kxf6 36. Qf8+ Bf7 37. Qxf7+ Kg5 38. h4+ Kxh6 39. Qf6# 1-0

[Event "December 5 Early 2023"]
[Site "https://www.chess.com"]
[Date "2023.12.05"]
[Round "7"]
[White "Skiadopoulos, Nikolaos"]
[Black "Colonetti, Fabio"]
[Result "0-1"]
[Board "173"]
[TimeControl "180+1"]
[WhiteFideId "4200772"]
[BlackFideId "897612"]
[WhiteElo "1775"]
[BlackElo "2270"]
[WhiteTeam "GRE"]
[BlackTeam "ITA"]
[WhiteClock "0:00:42"]
[BlackClock "0:01:01"]

1. e4 e6 2. d4 d5 3. e5 c5 4. c3 Nc6 5. Nf3 Qb6 6. Bd3 Bd7 7. O-O cxd4 8. a3 Nge7 9. b4 Nf5 10. c4 dxc4 11. Bxc4 Be7 12. Bb2 O-O 13. Nbd2 Rac8 14. g4 Nh4 15. Nxh4 Bxh4 16. g5 Nxe5 17. Qh5 Nxc4 18. Nxc4 Rxc4 19. Qxh4 e5 20. Rae1 Qe6 21. f3 Bc6 22. Rf2 Qf5 23. Qg3 Re8 24. Ref1 Rc2 25. Rxc2 Qxc2 26. Rf2 Qb1+ 27. Kg2 e4 28. Bxd4 exf3+ 29. Kh3 Bd7+ 30. Kh4 Qe4+ 0-1

[Event "December 5 Early 2023"]
[Site "https://www.chess.com"]
[Date "2023.12.05"]
[Round "7"]
[White "Ginzburg, Yakov"]
[Black "Reinecke, Katharina"]
[Result "1-0"]
[Board "174"]
[TimeControl "180+1"]
[WhiteFideId "4157176"]
[BlackFideId "12929727"]
[WhiteElo "2551"]
[BlackElo "2028"]
[WhiteTeam "RUS"]
[BlackTeam "GER"]
[WhiteClock "0:01:52"]
[BlackClock "0:00:23"]

1. e4 c6 2. d4 d5 3. Nc3 b5 4. a3 dxe4 5. Nxe4 Bf5 6. Ng3 Bg6 7. h4 h6 8. Nf3 Nd7 9. h5 Bh7 10. Bd3 Bxd3 11. Qxd3 e6 12. Bf4 Ngf6 13. O-O-O Be7 14. Ne4 O-O 15. g4 Nxe4 16. Qxe4 Nf6 17. Qxc6 Nd5 18. Be5 b4 19. a4 Rc8 20. Qb5 a6 21. Qd3 Qb6 22. g5 hxg5 23. h6 f6 24. hxg7 fxe5 25. Qh7+ Kf7 26. Nxe5+ Ke8 27. gxf8=Q+ Bxf8 28. Qd7# 1-0

[Event "December 5 Early 2023"]
[Site "https://www.chess.com"]
[Date "2023.12.05"]
[Round "7"]
[White "Minko, Dmitry"]
[Black "NastyaHn"]
[Result "1-0"]
[Board "175"]
[TimeControl "180+1"]
[WhiteFideId "24188468"]
[WhiteElo "2501"]
[BlackElo "2209"]
[WhiteTeam "FID"]
[WhiteClock "0:00:17"]
[BlackClock "0:00:00"]

1. e4 e6 2. d4 d5 3. Nc3 Bb4 4. e5 c5 5. a3 Bxc3+ 6. bxc3 Ne7 7. h4 Nbc6 8. h5 h6 9. Nf3 Qa5 10. Bd2 Qb6 11. a4 cxd4 12. cxd4 Nxd4 13. Bd3 Nxf3+ 14. Qxf3 Qd4 15. O-O Qxe5 16. Bc3 d4 17. Rfe1 Qd6 18. Rad1 Bd7 19. Bxd4 Qxd4 20. Bb5 Qxd1 21. Rxd1 Bxb5 22. Qxb7 Bc6 23. Qc7 Rc8 24. Qd6 Nf5 25. Qc5 Ne7 26. Qxa7 f6 27. Rd6 Kf7 28. Qe3 Bd5 29. a5 Rxc2 30. a6 Ra8 31. Rd7 Rxa6 32. Qd3 Rc1+ 33. Kh2 Ra8 34. Qg6+ Kf8 35. Qh7 Rcc8 36. Qh8+ Kf7 37. Qh7 Rg8 38. Qg6+ Kf8 39. Qc2 Bc6 40. Rxe7 Kxe7 41. Qxc6 Rgc8 42. Qb7+ Kf8 43. Qd7 Re8 44. f3 e5 45. Kh3 Kg8 46. Kg4 Rad8 47. Qc7 Rd4+ 48. Kf5 Rh4 49. Kg6 1-0

[Event "December 5 Early 2023"]
[Site "https://www.chess.com"]
[Date "2023.12.05"]
[Round "7"]
[White "Florianovitz, Derlei Alex"]
[Black "Omariev, Maksim"]
[Result "0-1"]
[Board "176"]
[TimeControl "180+1"]
[WhiteFideId "2114178"]
[BlackFideId "4193423"]
[WhiteElo "2201"]
[BlackElo "2462"]
[WhiteTeam "BRA"]
[BlackTeam "RUS"]
[WhiteClock "0:00:06"]
[BlackClock "0:00:45"]

1. e4 c5 2. Nf3 d6 3. d4 cxd4 4. Nxd4 Nf6 5. Nc3 a6 6. h3 e6 7. g4 Nfd7 8. Bg2 Qc7 9. O-O b5 10. a4 b4 11. Nce2 Bb7 12. Ng3 Be7 13. Be3 Ne5 14. b3 O-O 15. f4 Nec6 16. Nxc6 Nxc6 17. Qd2 Bf6 18. Rad1 Rfd8 19. Qf2 Rd7 20. g5 Bb2 21. f5 Ne5 22. Nh5 Rc8 23. Rd2 d5 24. Qh4 dxe4 25. Rxd7 Qxd7 26. Qg3 exf5 27. Nf6+ gxf6 28. gxf6+ Ng6 29. Bg5 Rxc2 30. h4 h5 31. Bh3 Be5 32. Qe3 Bd4 33. Bxf5 Bxe3+ 34. Bxe3 Qd6 35. Bxg6 Qh2# 0-1

[Event "December 5 Early 2023"]
[Site "https://www.chess.com"]
[Date "2023.12.05"]
[Round "7"]
[White "Petersson, Kjell"]
[Black "Mayaud, Raphael"]
[Result "0-1"]
[Board "177"]
[TimeControl "180+1"]
[WhiteFideId "1705148"]
[BlackFideId "627151"]
[WhiteElo "2173"]
[BlackElo "2415"]
[WhiteTeam "SWE"]
[BlackTeam "FRA"]
[WhiteClock "0:00:00"]
[BlackClock "0:00:03"]

1. d4 Nf6 2. Bf4 d5 3. e3 c5 4. Nd2 Nc6 5. c3 e6 6. Ngf3 Nh5 7. Bg5 f6 8. Bh4 g6 9. Bd3 cxd4 10. exd4 Bd6 11. Bg3 Nf4 12. Bxf4 Bxf4 13. g3 Bd6 14. Qe2 Bd7 15. h4 Qc7 16. h5 g5 17. O-O-O O-O-O 18. Kb1 e5 19. dxe5 fxe5 20. Nxg5 e4 21. Bb5 Bf5 22. Ka1 Ne5 23. Nb3 a6 24. Nd4 Bg4 25. f3 exf3 26. Qf2 axb5 27. Nxb5 Qc5 28. Qxc5+ Bxc5 29. Rhe1 f2 30. Rxe5 Bxd1 31. Rf5 Rhf8 32. Nf7 Be2 33. Nbd6+ Bxd6 34. Nxd6+ Kd7 35. Nf7 Ke6 36. Rxf2 Rxf7 37. Rxe2+ Kd6 38. a3 Rdf8 39. Ka2 Rg7 40. Rg2 Rg4 41. Kb3 Rfg8 42. Rf2 Rxg3 43. Rf6+ Ke5 44. Rf7 R8g7 45. Rf8 R3g5 46. h6 Rc7 47. Re8+ Kd6 48. Rd8+ Kc6 49. Re8 Rg6 50. a4 Rxh6 51. a5 Rg6 52. Ka4 Rgg7 53. b4 h6 54. b5+ Kc5 55. Re5 Rh7 56. Rh5 Kc4 57. a6 bxa6 58. bxa6 Rc5 0-1

[Event "December 5 Early 2023"]
[Site "https://www.chess.com"]
[Date "2023.12.05"]
[Round "7"]
[White "Zaksaite, Salomeja"]
[Black "Pertinez Soria, Juan Luis"]
[Result "0-1"]
[Board "178"]
[TimeControl "180+1"]
[WhiteFideId "12801496"]
[BlackFideId "2225620"]
[WhiteElo "2387"]
[BlackElo "2155"]
[WhiteTeam "LTU"]
[BlackTeam "ESP"]
[WhiteClock "0:00:00"]
[BlackClock "0:00:45"]

1. e3 d6 2. f4 Nc6 3. Nf3 e5 4. Be2 Nf6 5. O-O exf4 6. exf4 Be7 7. b3 O-O 8. Bb2 Bf5 9. d3 Re8 10. Nbd2 h6 11. h3 Bf8 12. g4 Bd7 13. Rf2 a5 14. a4 Qe7 15. Nf1 Nd5 16. Qd2 Ncb4 17. Re1 Qd8 18. Ng3 c6 19. Bf1 Qb6 20. Bd4 c5 21. Bb2 Rxe1 22. Qxe1 Re8 23. Qd2 Ne3 24. c3 Nbd5 25. f5 c4 26. bxc4 Nf4 27. Nd4 Nxf1 28. Rxf1 Nxh3+ 29. Kg2 Ng5 30. Bc1 Bc6+ 31. Kh2 d5 32. cxd5 Bxd5 33. Qb2 Qc7 34. Nb5 Qd7 35. Bxg5 hxg5 36. c4 Bc6 37. Qf2 Qxd3 38. f6 g6 0-1

[Event "December 5 Early 2023"]
[Site "https://www.chess.com"]
[Date "2023.12.05"]
[Round "7"]
[White "Teumer, Joerg, Dr."]
[Black "Zampronha, Wladimir Camilo"]
[Result "0-1"]
[Board "179"]
[TimeControl "180+1"]
[WhiteFideId "4643526"]
[BlackFideId "2103087"]
[WhiteElo "2131"]
[BlackElo "2367"]
[WhiteTeam "GER"]
[BlackTeam "BRA"]
[WhiteClock "0:00:11"]
[BlackClock "0:01:12"]

1. d4 Nf6 2. Bg5 Ne4 3. Bf4 c5 4. d5 e6 5. c4 Qa5+ 6. Bd2 Nxd2 7. Qxd2 Qxd2+ 8. Nxd2 exd5 9. cxd5 d6 10. e4 Be7 11. Bb5+ Bd7 12. Bxd7+ Nxd7 13. f4 O-O 14. Ngf3 Bf6 15. O-O-O b5 16. Rde1 Rfe8 17. g4 g6 18. g5 Bg7 19. h4 c4 20. h5 Rac8 21. Kb1 b4 22. f5 c3 23. bxc3 bxc3 24. Nb3 Be5 25. hxg6 fxg6 26. Kc2 Rc4 27. Re3 Ra4 28. Ra1 Bf4 29. Ree1 Rexe4 30. Rxe4 Rxe4 31. Kxc3 Re3+ 32. Kc4 Rxf3 33. fxg6 hxg6 34. Re1 Bxg5 35. Re8+ Rf8 36. Re6 Rf6 37. Re8+ Kf7 38. Ra8 Nb6+ 0-1